 Dungeon Crawl Stone Soup version 0.30.1-1-g62c8e00024 (webtiles) character file.

Game seed: 2281443376131119854

662 LynnLen the Sneak (level 7, 0/34 HPs)
             Began as a Spriggan Enchanter on July 15, 2023.
             Slain by an ogre
             ... wielding a +0 giant club
              (34 damage)
             ... on level 5 of the Dungeon.
             The game lasted 00:15:10 (4247 turns).

LynnLen the Sneak (Spriggan Enchanter)              Turns: 4247, Time: 00:15:11

Health: 0/34       AC:  3    Str:  4    XL:     7   Next: 30%
Magic:  7/14       EV: 19    Int: 16    God:
Gold:   258        SH:  0    Dex: 18    Spells: 9/14 levels left

rFire   . . .        j - +2 short sword (venom)
rCold   . . .        (no shield)
rNeg    + . .        b - +0 robe
rPois   .            (helmet restricted)
rElec   .            m - +0 cloak
rCorr   .            (gloves unavailable)
SInv    +            (boots unavailable)
Will    +....        e - amulet of the acrobat
Stlth   ++++         r - ring of positive energy
HPRegen 0.25/turn    (no ring)
MPRegen 0.14/turn

%: acrobat
@: very quick
A: very small, no large weapons, unfitting armour, see invisible, speed 3
a: no special abilities


You were on level 5 of the Dungeon.
You visited 2 branches of the dungeon, and saw 6 of its levels.

You collected 258 gold pieces.

Inventory:

Hand Weapons
 a - a +1 dagger
 j - a +2 short sword of venom (weapon)
Missiles
 g - 9 poisoned darts
Armour
 b - a +0 robe (worn)
 m - a +0 cloak (worn)
Jewellery
 e - an amulet of the acrobat (around neck)
 r - a ring of positive energy (left hand)
 t - an amulet of reflection
Wands
 o - a wand of flame (12)
 q - a wand of paralysis (8)
Scrolls
 f - a scroll of vulnerability
 i - a scroll of fog {unknown}
 n - 2 scrolls of enchant weapon
 p - a scroll of immolation {unknown}
Potions
 c - 2 potions of invisibility
 d - 3 potions of curing
 h - a potion of might
 k - 5 potions of attraction
 l - a potion of heal wounds
 s - a potion of brilliance {unknown}


   Skills:
 + Level 1.7 Fighting
 + Level 2.6 Short Blades
 + Level 4.2 Dodging
 * Level 7.1 Stealth
 + Level 4.0 Spellcasting
 + Level 4.7 Hexes
 + Level 1.8 Ice Magic
 + Level 2.1 Invocations
 + Level 3.0 Evocations


You had 9 spell levels left.
You knew the following spells:

 Your Spells              Type           Power      Damage    Failure   Level
a - Ensorcelled Hibernat  Hex/Ice        26%        N/A       7%          2
b - Confusing Touch       Hex            18%        N/A       7%          3

Your spell library contained the following spells:

 Spells                   Type           Power      Damage    Failure   Level
 Tukima's Dance           Hex            18%        N/A       7%          3
 Sandblast                Erth           6%         2d5       17%         1
 Dazzling Flash           Conj/Hex       20%        N/A       19%         3
 Blink                    Tloc           6%         N/A       26%         2
 Lesser Beckoning         Tloc           6%         N/A       26%         2
 Momentum Strike          Conj/Tloc      6%         3d8       26%         2
 Passwall                 Tmut/Erth      2%         N/A       26%         2
 Stone Arrow              Conj/Erth      6%         3d7       45%         3


Dungeon Overview and Level Annotations

Branches:
Dungeon (5/15)             Temple (1/1) D:4

Altars:
Cheibriados
Elyvilon
Gozag
Hepliaklqana
Kikubaaqudgha
Makhleb
Nemelex Xobeh
Okawaru
Qazlal
Ru
Sif Muna
Trog
Uskayaw
Vehumet
Wu Jian
Xom
Yredelemnul
Zin
The Shining One

Shops:
D:2 (


Innate Abilities, Weirdness & Mutations

You are very small and have problems with some larger weapons.
You are too small for most types of armour.
You have supernaturally acute eyesight. (SInv)
You cover ground extremely quickly. (Speed+++)


Message History

a +0 club; a +0 club; a +0 dagger You closely miss the goblin.
The ogre misses you. The goblin misses you.
You hit the goblin.
The goblin is poisoned.
The goblin is severely wounded.
You kill the goblin!
Aiming: Ensorcelled Hibernation (safe; 7% risk of failure)
Press: ? - help, Q - select action, (/) - cycle Shift-Dir - straight line, f - ogre
Aim: an ogre, wielding a +0 giant club (chance to affect: 47%)
The ogre resists with some effort.
The ogre completely misses you.
Unknown command.
Aiming: Ensorcelled Hibernation (safe; 7% risk of failure)
Press: ? - help, Q - select action, (/) - cycle Shift-Dir - straight line, f/p - ogre
Aim: an ogre, wielding a +0 giant club (chance to affect: 47%)
The ogre resists with some effort.
Unknown command.
The ogre completely misses you.
Aiming: Ensorcelled Hibernation (safe; 7% risk of failure)
Press: ? - help, Q - select action, (/) - cycle Shift-Dir - straight line, f/p - ogre
Aim: an ogre, wielding a +0 giant club (chance to affect: 47%)
The ogre resists with some effort.
Unknown command.
Aiming: Ensorcelled Hibernation (safe; 7% risk of failure)
Press: ? - help, Q - select action, (/) - cycle Shift-Dir - straight line, f/p - ogre
Aim: an ogre, wielding a +0 giant club (chance to affect: 47%)
The ogre looks drowsy...
Unknown command.
The ogre shouts!
The ogre completely misses you.
You hit the ogre but do no damage.
The ogre is poisoned.
You hit the ogre but do no damage.
The ogre looks as sick as possible!
The ogre is lightly wounded.
The ogre misses you.
You hit the ogre.
The ogre looks as sick as possible!
The ogre is lightly wounded.
You hit the ogre.
The ogre looks as sick as possible!
The ogre is heavily wounded.
The ogre hits you with a +0 giant club!!
Ouch! That really hurt!
You die...

# #..######.....#######
#.####..#...##....).....##
#.......#...##..#######.#.
####....#()(#...#.....#...
#####....##'###..#.....#...
#.........#g).#..#)....#...
#.###.....###.#..).........
#.# #.....###....##.....###
#.# #.....@Ogg.#.##.....# #
#.# #....#####.####.....#
#.# #....# #.####.....#
###.######## #...########
#.......# #####.#.#
#######.# #.......# #.#
#.###.### #.# #.##### #.#
#.....#


You could see an ogre (extremely poisoned) and 2 goblins.

Vanquished Creatures
  A black bear (D:5)
  An ice beast (D:5)
  A phantom (D:5)
  An ogre (D:4)
  A scorpion (D:4)
  An orc priest (D:5)
  A jelly (D:5)
  Jessica (D:2)
  6 gnolls (D:5)
  An adder (D:2)
  A white imp (D:5)
  An ufetubus (D:5)
  A worm (D:2)
  2 dart slugs
  4 orcs (D:5)
  6 ball pythons
  6 bats
  11 endoplasms
  2 giant cockroaches
  7 goblins
  7 hobgoblins
  8 jackals
  4 kobolds
  6 quokkas
  4 frilled lizards
  2 rats
87 creatures vanquished.

Notes
Turn   | Place    | Note
-------+----------+-------------------------------------------
     0 | D:1      | LynnLen the Spriggan Enchanter began the quest for the Orb.
     0 | D:1      | Reached XP level 1. HP: 9/9 MP: 5/5
   253 | D:1      | Reached XP level 2. HP: 13/13 MP: 6/6
   260 | D:1      | Learned a level 2 spell: Ensorcelled Hibernation
   383 | D:1      | Found a faded altar of an unknown god.
   907 | D:1      | Reached skill level 1 in Evocations
  1132 | D:2      | Reached XP level 3. HP: 16/16 MP: 8/8
  1138 | D:1      | Learned a level 3 spell: Confusing Touch
  1322 | D:2      | Found Jiopaink's Antique Weapon Shop.
  1389 | D:2      | Reached skill level 5 in Stealth
  1602 | D:2      | Noticed Jessica
  1610 | D:2      | Killed Jessica
  1611 | D:2      | Reached XP level 4. HP: 21/21 MP: 6/9
  2232 | D:3      | Found an opulent altar of Gozag.
  2269 | D:3      | You fall into a shaft and drop 1 floor!
  2628 | D:4      | Noticed a scorpion
  2636 | D:4      | Killed a scorpion
  2637 | D:4      | Reached skill level 1 in Ice Magic
  2637 | D:4      | Reached skill level 1 in Invocations
  2637 | D:4      | Reached XP level 5. HP: 25/25 MP: 9/11
  2808 | D:4      | Found a bloodstained altar of Trog.
  2861 | D:4      | Noticed an ogre
  2885 | D:4      | Killed an ogre
  2886 | D:4      | Reached skill level 1 in Fighting
  2886 | D:4      | Reached skill level 6 in Stealth
  2918 | D:4      | Found a staircase to the Ecumenical Temple.
  2934 | Temple   | Entered the Ecumenical Temple
  3213 | D:5      | Entered Level 5 of the Dungeon
  3299 | D:5      | Reached XP level 6. HP: 30/30 MP: 8/12
  3602 | D:5      | Found an ancient bone altar of Kikubaaqudgha.
  3859 | D:5      | Found a burning altar of Makhleb.
  3909 | D:5      | Noticed an ice beast
  3933 | D:5      | Killed an ice beast
  3934 | D:5      | Reached XP level 7. HP: 18/33 MP: 7/13
  4026 | D:5      | Reached skill level 7 in Stealth
  4247 | D:5      | Slain by an ogre

Illustrated notes

Levels and vault maps discovered:
D:1:      mainiacjoe_arrival_reflecting_pool, layout_loops_ring,
          hellmonk_ecumenical_altar_heavens_door
D:2:      layout_rooms, serial_shops, nicolae_shop_trees, supply_closet_lemuel,
          uniq_jessica
D:3:      cheibrodos_thug_alley, layout_rooms,
          mainiacjoe_overflow_small_starburst, mainiacjoe_overflow_paths
D:4:      layout_rooms, bloody_trog, minmay_temple_entry_offerings,
          serial_curves, eino_curves_02, eino_curves_03, eino_curves_04,
          eino_curves_04
D:5:      layout_basic, mainiacjoe_overflow_concentric_impassable,
          kennysheep_mini, minmay_ogre_servants
Temple:   regret_index_temple_generic_petals

Skill      XL: |  1  2  3  4  5  6  7 |
---------------+----------------------+-----
Evocations     | 1 2 3 |  3.0
Dodging        | 3 4 |  4.2
Stealth        | 5 6 7 |  7.1
Spellcasting   | 3 4 |  4.0
Hexes          | 4 |  4.7
Ice Magic      | 1 |  1.8
Invocations    | 1 2 |  2.1
Fighting       | 1 |  1.7
Short Blades   | 2 |  2.6

Action                     |  1- 3 |  4- 6 |  7- 9 || total
---------------------------+-------+-------+-------++-------
  Melee: Dagger            |    71 |       |       ||    71
         Short sword       |    26 |    93 |    35 ||   154
         Punch             |     2 |       |       ||     2
   Cast: Ensorcelled Hiber |    12 |    17 |     9 ||    38
         Confusing Touch   |       |     4 |       ||     4
    Use: Scroll            |     2 |     4 |       ||     6
   Stab: Sleeping          |    17 |    17 |     1 ||    35
         Confused          |       |     5 |       ||     5
 Armour: Robe              |    10 |     4 |     3 ||    17
  Dodge: Dodged            |    54 |    78 |    32 ||   164
